 Dungeon Crawl Stone Soup version 0.30.0-15-g856e2d3f33 (webtiles) character file.

Game seed: 10339609505826084774

4 shadeless the Grave Robber (level 1, 0/13 HPs)
             Began as a Human Necromancer on May 18, 2023.
             Slain by a kobold
             ... wielding a +0 short sword
              (3 damage)
             ... on level 1 of the Dungeon.
             The game lasted 00:03:53 (406 turns).

shadeless the Grave Robber (Human Necromancer)       Turns: 406, Time: 00:03:55

Health: 0/13       AC:  6    Str:  8    XL:     1   Next: 77%
Magic:  8/12       EV:  8    Int: 15    God:
Gold:   36         SH:  0    Dex: 13    Spells: 3/4 levels left

rFire   . . .        e - +0 dagger
rCold   . . .        (no shield)
rNeg    . . .        h - +0 scale mail
rPois   .            (no helmet)
rElec   .            (no cloak)
rCorr   .            (no gloves)
SInv    .            (no boots)
Will    .....        (no amulet)
Stlth   +            f - ring of magical power
HPRegen 0.22/turn    (no ring)
MPRegen 0.13/turn

%: no passive effects
@: no status effects
A: no striking features
a: no special abilities


You were on level 1 of the Dungeon.
You visited 1 branch of the dungeon, and saw 1 of its levels.

You collected 36 gold pieces.

Inventory:

Hand Weapons
 e - a +0 dagger (weapon)
Missiles
 k - 4 large rocks
 l - a stone
Armour
 a - a +0 robe
 d - a +0 robe
 h - a +0 scale mail (worn)
 i - a +0 ring mail
Jewellery
 f - a ring of magical power (left hand)
Scrolls
 j - a scroll of identify {unknown}
Potions
 b - a potion of magic
 c - a potion of curing {unknown}
 g - a potion of degeneration {unknown}


   Skills:
 + Level 2.0 Dodging
 + Level 2.0 Stealth
 + Level 2.0 Spellcasting
 + Level 4.2 Necromancy


You had 3 spell levels left.
You knew the following spells:

 Your Spells              Type           Power      Damage    Failure   Level
a - Necrotise             Necr           56%        1d6       38%         1

Your spell library contained the following spells:

 Spells                   Type           Power      Damage    Failure   Level
 Vampiric Draining        Necr           14%        2d7       77%         3
 Animate Dead             Necr           14%        N/A       99%         4
 Agony                    Necr           14%        N/A       100%        5


Dungeon Overview and Level Annotations

Branches:
Dungeon (1/15)

Altars:


Message History

You hit the rat.
You kill the rat!
There is an open door here.
You see here a +0 dagger.
Found a garnet ring.
f - a ring of magical power You feel your magic capacity increase.
f - a ring of magical power (left hand)
Found 4 large rocks.
Found a stone staircase leading down.
Found a stone.
You see here 4 large rocks.
k - 4 large rocks You see here a stone.
l - a stone A kobold comes into view. It is wielding a +0 short sword.
The kobold shouts!
Found a pearl ring.
A quokka comes into view.
A giant cockroach comes into view.
Found 11 gold pieces.
The quokka bites you but does no damage.
The giant cockroach barely misses you. The kobold hits you but does no damage.
You hit the giant cockroach but do no damage.
The quokka bites you. The giant cockroach bites you.
The kobold barely misses you.
You barely miss the giant cockroach. The quokka bites you.
The giant cockroach barely misses you.
The kobold hits you with a +0 short sword.
You hit the giant cockroach.
The giant cockroach is moderately wounded.
The quokka closely misses you.
The giant cockroach bites you but does no damage.
The kobold hits you with a +0 short sword.
You hit the giant cockroach.
The giant cockroach is heavily wounded.
The quokka misses you.
The giant cockroach bites you but does no damage.
The quokka barely misses you. The giant cockroach bites you.
* * * LOW HITPOINT WARNING * * *
The kobold hits you with a +0 short sword.
You die...

......# #..# ♣.♣
#....... #.....# #...
.... ....#### #.....#
#### ##.# ##..# #####.#
##.##.# .## #.# ......
.# #.# ....# #.# ....###
#.# #####K......
#####.#######...@B......
..............###r......
.............## ......$
............## .......
............# .......
.....>^.....# #######
............#
......####### ......#


You could see a quokka, a giant cockroach and a kobold.

Vanquished Creatures
  A giant cockroach (D:1)
  2 ball pythons (D:1)
  A frilled lizard (D:1)
  A kobold (D:1)
  A rat (D:1)
6 creatures vanquished.

Notes
Turn   | Place    | Note
-------+----------+-------------------------------------------
     0 | D:1      | shadeless the Human Necromancer began the quest for the
                  | Orb.
     0 | D:1      | Reached XP level 1. HP: 13/13 MP: 3/3
   406 | D:1      | Slain by a kobold

Illustrated notes

Levels and vault maps discovered:
D:1:      scummos_arrival_forest, layout_basic

Action                     || total
---------------------------++-------
  Melee: Dagger            ||    28
    Use: Scroll            ||     1
 Armour: Scale mail        ||     9
         Robe              ||     4
  Dodge: Dodged            ||    21
